 Dungeon Crawl Stone Soup version 0.25.1-8-g42b30a86e7 (webtiles) character file.

Game seed: 12122090854752423365

13769 12sPaWn12 the Basher (level 12, -15/73 HPs)
             Began as a Gargoyle Fighter on Dec 1, 2020.
             Was a High Priest of the Shining One.
             Demolished by a death scarab (18 damage)
             ... in a Gauntlet.
             The game lasted 00:29:43 (10981 turns).

12sPaWn12 the Basher (Gargoyle Fighter)            Turns: 10981, Time: 00:29:44

Health: -15/73     AC: 24    Str: 25    XL:     12   Next: 9%
Magic:  14/14      EV:  9    Int:  9    God:    the Shining One [*****.]
Gold:   645        SH: 25    Dex: 15    Spells: 11/11 levels left

rFire    . . .     SeeInvis .   a - +0 flail
rCold    + . .     Gourm    .   c - +0 kite shield
rNeg     + + +     Faith    .   B - +0 plate armour
rPois    ∞         Spirit   .   t - +0 helmet
rElec    +         Reflect  +   (no cloak)
rCorr    .         Harm     .   s - +0 pair of gloves
MR       .....     NoTele   +   (no boots)
Stlth    ..........             j - amulet of reflection
HPRegen  0.22/turn              y - ring of protection from cold
MPRegen  0.14/turn              u - +6 ring of dexterity

@: brilliant, divine shield, stab, flying, very slightly contaminated, hasted,
glowing, invisible (but backlit and visible), very quick
A: negative energy resistance 1, electricity resistance, unbreathing,
petrification resistance, rot immunity, AC +8
a: Divine Shield, Cleansing Flame, Summon Divine Warrior, Renounce Religion


You were in a Gauntlet.
You worshipped the Shining One.
The Shining One was extremely pleased with you.
You were hungry.

You visited 1 branch of the dungeon, and saw 11 of its levels.
You also visited: Gauntlet.

You collected 645 gold pieces.

Inventory:

Hand Weapons
 a - a +0 flail (weapon)
Armour
 c - a +0 kite shield (worn)
 p - a +3 chain mail of cold resistance
 s - a +0 pair of gloves (worn)
 t - a +0 helmet (worn)
 B - a +0 plate armour (worn)
Jewellery
 j - an amulet of reflection (around neck)
 u - a +6 ring of dexterity (right hand)
 y - a ring of protection from cold (left hand)
 F - an uncursed ring of ice
 H - an uncursed ring of fire
Wands
 g - a wand of flame (12)
Scrolls
 e - 2 scrolls of identify
 h - a scroll of fog {unknown}
 l - 2 scrolls of amnesia
 n - 3 scrolls of teleportation
 r - 3 scrolls of enchant armour
 v - a scroll of magic mapping
 A - 6 scrolls of remove curse
Potions
 d - a potion of might
 k - 3 potions of ambrosia
 w - a potion of brilliance
 z - a potion of lignification
 E - 2 potions of magic
Comestibles
 f - 28 rations
 i - 5 chunks of flesh


   Skills:
 * Level 7.8 Fighting
 * Level 11.6 Maces & Flails
 * Level 7.5 Armour
 * Level 5.0 Dodging
 * Level 11.4 Shields
 * Level 2.7 Invocations
 * Level 2.2 Evocations


You had 11 spell levels left.
You didn't know any spells.
Your spell library contained the following spells:

 Spells                   Type           Power        Failure   Level  Hunger
 Freeze                   Ice            #...         100%        1    None
 Sandblast                Erth           #.....       100%        1    None
 Summon Small Mammal      Summ           #...         100%        1    None
 Call Imp                 Summ           #.......     100%        2    None
 Passwall                 Tmut/Erth      #.......     100%        2    None
 Call Canine Familiar     Summ           #.......     100%        3    None
 Portal Projectile        Hex/Tloc       #.....       100%        3    None
 Stone Arrow              Conj/Erth      #.....       100%        3    None
 Summon Guardian Golem    Hex/Summ       #.......     100%        3    None
 Hailstorm                Conj/Ice       #.......     100%        4    None
 Iskenderun's Mystic Bla  Conj/Tloc      #.......     100%        4    None
 Petrify                  Tmut/Erth      #.......     100%        4    None
 Summon Ice Beast         Ice/Summ       #.......     100%        4    None
 Summon Lightning Spire   Summ/Air       #.......     100%        4    None
 Lee's Rapid Deconstruct  Erth           #.........   100%        5    None
 Disjunction              Tloc           #.........   100%        8    None


Dungeon Overview and Level Annotations

Branches:
Dungeon (11/15)            Temple (0/1) D:7            Lair (0/6) D:10
    Orc (0/2) D:9         Gauntlet (1/1)

Altars:
Cheibriados
Elyvilon
Gozag
Ru
Sif Muna
Vehumet
Xom
Yredelemnul
Zin
The Shining One

Shops:
D:8 !   D:10 ?}!=

Annotations:
Gauntlet 7 transporters, 3 runed translucent doors


Innate Abilities, Weirdness & Mutations

You are resistant to torment.
Your stone body is resilient. (AC +8)
You are immune to poison.
You resist negative energy. (rN+)
You are resistant to electric shocks. (rElec)
You can survive without breathing.
You are immune to petrification.
You are immune to rotting.


Message History

You feel yourself speed up.
The polar bear changes into a troll!
You block the death scarab's attack.
It was a potion of invisibility.
You become transparent, but the glow from your halo prevents you from becoming completely invisible.
The dire elephant looks momentarily different.
You block the death scarab's attack.
The death drake enters a dispersal trap!
The dire elephant blinks!
The tyrant leech blinks!
The troll blinks!
The death drake blinks!
The death scarab bites you but does no damage.
It was a potion of stabbing.
You feel ready to backstab. You block the death scarab's attack.
The death drake enters a dispersal trap!
The dire elephant blinks!
The death drake blinks!
Unknown command.
You hit the death scarab but do no damage.
The death drake changes into a tarantella!
The death scarab bites you!!
You die...

##≈.#.#...#.#.###+++..#.≈##
#≈≈.#..####.#.#.$#.#..#.≈≈#
##≈.#...©...#.#!.#©#.z#.≈##
##.###################.##
##≈....#©.........©#....≈##
#≈≈..⌠.#.⌠.⌠.⌠.⌠.⌠.#.⌠..≈≈#
##≈....#©.........©#....≈##
##.#########.#########.##
##≈.#§#.ZZ.@#.#§§.w...#.≈##
#≈≈.#.#..##s#.#.####..#.≈≈#
##≈.#..##..##.#^§.s.#.#.≈##
##.##.^©^.#######©^#.#.##
##≈.##Z.##..#.#.!|#.#.#.≈##
#≈≈.#†##[[#.#.##".#S#.#.≈≈#
##≈.#...©:#.#.#©#.#wkD#.≈##
##.#########.#########.##
#≈.....................≈#


You could see a spectral death yak, a spectral dream sheep, a death scarab and a
tarantella shaped shifter.

Vanquished Creatures
  A hydra (D:10)
  2 two-headed ogres
  A death scarab (Gauntlet)
  3 death yaks (D:10)
  An ice statue (Gauntlet)
  A rime drake (Gauntlet)
  A hornet (D:8)
  A troll (D:9)
  2 hippogriffs (D:7)
  2 dream sheep (D:10)
  A spectral black mamba (Gauntlet)
  A centaur simulacrum (Gauntlet)
  2 wraiths (D:10)
  6 yaks (D:10)
  A wyvern (D:11)
  A redback simulacrum (Gauntlet)
  A warg (D:9)
  A black bear (D:7)
  4 ice beasts
  4 orc warriors
  A phantom (D:10)
  3 sky beasts
  An ogre (D:7)
  An eye of draining (D:10)
  9 centaurs
  4 bullfrogs
  6 big kobolds
  A spiny frog simulacrum (Gauntlet)
  2 scorpions
  12 killer bees
  7 wights
  2 centaur zombies
  2 howler monkeys
  6 crimson imps
  2 jellies
  2 bullfrog skeletons
  6 hounds
  A quasit (D:10)
  5 orc priests
  A centaur skeleton (D:10)
  2 iguanas
  6 orc wizards
  A statue (D:8)
  11 worker ants
  A bullfrog simulacrum (Gauntlet)
  A hound skeleton (D:9)
  A worker ant zombie (D:8)
  Robin (D:4)
  10 gnolls
  12 adders
  A howler monkey skeleton (D:9)
  A river rat (D:4)
  6 shadow imps
  4 adder skeletons
  4 worms
  A dart slug (D:1)
  A leopard gecko (D:1)
  36 orcs
  12 bats
  5 giant cockroaches
  18 goblins
  19 hobgoblins
  15 jackals
  3 quokkas
  5 ball pythons
  7 frilled lizards
  2 gnoll zombies (D:9)
  A jackal skeleton (D:8)
  17 kobolds
  A leopard gecko skeleton (D:4)
  A leopard gecko zombie (D:5)
  15 rats
332 creatures vanquished.

Notes
Turn   | Place    | Note
-------+----------+-------------------------------------------
     0 | D:1      | 12sPaWn12 the Gargoyle Fighter began the quest for the Orb.
     0 | D:1      | Reached XP level 1. HP: 14/14 MP: 1/1
   103 | D:1      | Reached XP level 2. HP: 19/19 MP: 2/2
   586 | D:1      | Reached XP level 3. HP: 16/23 MP: 3/3
  1080 | D:2      | You fall into a shaft and drop 1 floor!
  1080 | D:3      | Found a shimmering altar of Xom.
  1080 | D:3      | Found a shimmering altar of Xom.
  1080 | D:3      | Found a shimmering altar of Xom.
  1251 | D:2      | Reached XP level 4. HP: 14/28 MP: 4/4
  2553 | D:3      | Found a shimmering altar of Xom.
  2557 | D:3      | Found a shimmering altar of Xom.
  2618 | D:3      | Found a shimmering altar of Xom.
  2654 | D:3      | Found a shimmering altar of Xom.
  2671 | D:3      | Found a shimmering blue altar of Sif Muna.
  2863 | D:4      | Found an opulent altar of Gozag.
  2896 | D:4      | Reached XP level 5. HP: 30/33 MP: 5/5
  2957 | D:4      | Found a snail-covered altar of Cheibriados.
  2959 | D:4      | Found a white marble altar of Elyvilon.
  2967 | D:4      | Became a worshipper of Elyvilon the Healer
  3026 | D:4      | Reached skill level 1 in Dodging
  3170 | D:4      | You fall into a shaft and drop 3 floors!
  3217 | D:7      | Noticed a big kobold
  3219 | D:7      | Reached XP level 6. HP: 28/38 MP: 6/6
  3225 | D:7      | Noticed an ice beast
  3232 | D:7      | Reached skill level 5 in Shields
  3254 | D:7      | Killed an ice beast
  3289 | D:7      | Reached * piety under Elyvilon
  3324 | D:7      | Noticed a hippogriff
  3338 | D:7      | Killed a hippogriff
  3338 | D:7      | Reached XP level 7. HP: 20/44 MP: 7/7
  3464 | D:7      | Reached XP level 8. HP: 13/48 MP: 8/8
  3506 | D:7      | Reached skill level 5 in Maces & Flails
  3580 | D:7      | Noticed a hippogriff
  3614 | D:7      | Killed a hippogriff
  3642 | D:7      | Reached skill level 5 in Fighting
  3642 | D:7      | Reached skill level 5 in Armour
  3674 | D:7      | Found a staircase to the Ecumenical Temple.
  3696 | D:5      | Entered Level 5 of the Dungeon
  3970 | D:5      | Reached ** piety under Elyvilon
  4257 | D:4      | Noticed Robin
  4339 | D:4      | Killed Robin
  4490 | D:4      | Found a glowing golden altar of the Shining One.
  4512 | D:4      | Reached XP level 9. HP: 54/54 MP: 9/9
  4530 | D:4      | Fell from the grace of Elyvilon
  4530 | D:4      | Became a worshipper of the Shining One
  4790 | D:4      | Reached * piety under the Shining One
  5523 | D:6      | Found a sacrificial altar of Ru.
  7041 | D:8      | Reached XP level 10. HP: 56/60 MP: 10/10
  7061 | D:8      | Found a radiant altar of Vehumet.
  7076 | D:8      | Reached ** piety under the Shining One
  7240 | D:8      | Found Tits's Distillery.
  7664 | D:9      | Noticed a two-headed ogre
  7678 | D:9      | Killed a two-headed ogre
  7764 | D:9      | Found a staircase to the Orcish Mines.
  8065 | D:9      | Found a basalt altar of Yredelemnul.
  8200 | D:9      | Got a steaming falchion
  8201 | D:9      | Identified the +6 falchion of Guilt {holy, Int+4 SInv} (You
                  | found it on level 9 of the Dungeon)
  8250 | D:9      | Found a glowing silver altar of Zin.
  8356 | D:9      | Reached *** piety under the Shining One
  8439 | D:9      | Reached skill level 10 in Shields
  8664 | D:10     | Entered Level 10 of the Dungeon
  8669 | D:10     | Found Sazaed's Distillery.
  8731 | D:10     | Reached skill level 10 in Maces & Flails
  8884 | D:10     | Noticed a three-headed hydra
  8897 | D:10     | Killed a three-headed hydra
  8897 | D:10     | Reached XP level 11. HP: 45/67 MP: 11/11
  9051 | D:10     | Noticed a death yak
  9065 | D:10     | Noticed a death yak
  9071 | D:10     | Noticed a death yak
  9085 | D:10     | Killed a death yak
  9117 | D:10     | Killed a death yak
  9135 | D:10     | Killed a death yak
  9135 | D:10     | Reached skill level 1 in Invocations
  9135 | D:10     | Reached skill level 1 in Evocations
  9312 | D:10     | Found a staircase to the Lair.
  9582 | D:10     | Found Oclud's Magic Scroll Shop.
  9703 | D:10     | Found Eboutuo's Gadget Emporium.
  9748 | D:10     | Reached **** piety under the Shining One
  9779 | D:10     | Noticed a two-headed ogre
  9795 | D:10     | Killed a two-headed ogre
 10088 | D:10     | Identified the Catalogue of the Displaced Glacier
 10149 | D:10     | Found Puwnele's Jewellery Emporium.
 10477 | D:11     | Found a gate leading to a gauntlet.
 10522 | Gauntlet | Entered a Gauntlet
 10522 | Gauntlet | Found a transporter.
 10522 | Gauntlet | Found a transporter.
 10542 | Gauntlet | Found a transporter.
 10546 | Gauntlet | Found a transporter.
 10552 | Gauntlet | Found a runed translucent gate.
 10552 | Gauntlet | Found a runed translucent gate.
 10552 | Gauntlet | Found a runed translucent gate.
 10554 | Gauntlet | Found a transporter.
 10558 | Gauntlet | Found a transporter.
 10560 | Gauntlet | Noticed a fire crab
 10562 | Gauntlet | Noticed a moth of wrath
 10562 | Gauntlet | a merfolk changed into a moth of wrath
 10570 | Gauntlet | Noticed a mana viper
 10570 | Gauntlet | a fire crab changed into a mana viper
 10570 | Gauntlet | Noticed a death drake
 10570 | Gauntlet | a jumping spider changed into a death drake
 10571 | Gauntlet | a moth of wrath changed into a dream sheep
 10572 | Gauntlet | Noticed a harpy
 10572 | Gauntlet | a human changed into a harpy
 10574 | Gauntlet | Noticed a shock serpent
 10574 | Gauntlet | a dream sheep changed into a shock serpent
 10575 | Gauntlet | Found a transporter.
 10577 | Gauntlet | a shock serpent changed into an elephant
 10578 | Gauntlet | Noticed a moth of wrath
 10578 | Gauntlet | an elephant changed into a moth of wrath
 10582 | Gauntlet | Found a transporter.
 10586 | Gauntlet | Reached ***** piety under the Shining One
 10587 | Gauntlet | Noticed a spectral death yak
 10594 | Gauntlet | Noticed a death scarab
 10599 | Gauntlet | Found a transporter.
 10600 | Gauntlet | Found a transporter.
 10602 | Gauntlet | Noticed a death scarab
 10608 | Gauntlet | Found a transporter.
 10612 | Gauntlet | Found a transporter.
 10682 | Gauntlet | Noticed a lindwurm
 10687 | Gauntlet | Noticed a great orb of eyes
 10695 | Gauntlet | Noticed a seven-headed hydra
 10695 | Gauntlet | a great orb of eyes changed into a seven-headed hydra
 10697 | Gauntlet | Noticed an ettin
 10697 | Gauntlet | a seven-headed hydra changed into an ettin
 10698 | Gauntlet | Noticed an alligator
 10698 | Gauntlet | an ettin changed into an alligator
 10700 | Gauntlet | an alligator changed into a slime creature
 10705 | Gauntlet | Noticed a swamp dragon
 10705 | Gauntlet | an elephant changed into a swamp dragon
 10706 | Gauntlet | a lindwurm changed into a guardian serpent
 10707 | Gauntlet | Noticed a lindwurm
 10707 | Gauntlet | an eye of devastation changed into a lindwurm
 10814 | Gauntlet | Reached skill level 5 in Dodging
 10907 | Gauntlet | Reached XP level 12. HP: 73/73 MP: 13/13
 10965 | Gauntlet | Killed a death scarab
 10969 | Gauntlet | HP: 1/73 [spectral death yak (12)]
 10973 | Gauntlet | Noticed a dire elephant
 10981 | Gauntlet | Demolished by a death scarab

Illustrated notes

Levels and vault maps discovered:
D:1:      shiori_shiawase, layout_loops_corners
D:2:      layout_basic, first_ration
D:3:      layout_rooms, led_sif_pool, nicolae_xom_altar_mimics
D:4:      minmay_chambers_of_threes, layout_loops_cross, tso_oasis_becter,
          grunt_temple_overflow_open, overflow_temple_1_default,
          portal_sewer_entry_e, uniq_robin
D:5:      layout_loops_corners
D:6:      layout_loops_cross, nicolae_overflow_crystal_walls, sigmund_army
D:7:      layout_basic, minmay_temple_entry_stoned_glass
D:8:      layout_loops_ring, vehumet_statue, serial_shops,
          nicolae_shop_window_shopping
D:9:      layout_roguey, lemuel_zombie_altar_yredelemnul, marbit_many_paths,
          david_orc_1_choice
D:10:     layout_stronghold, dpeg_lair_monsters, serial_shops,
          nicolae_shop_trees, shop, kennysheep_mini, kennysheep_mini_moat,
          hangedman_ranch [blue_anna_fruit_fields], minivault_5
D:11:     layout_loops_ring, gauntlet_entry_generic
Gauntlet: minmay_gauntlet_77_indecision [minmay_gauntlet_arena_77_two_lines,
          minmay_gauntlet_arena_77_terracotta_army,
          minmay_gauntlet_arena_77_box, minmay_gauntlet_arena_77_run_for_it,
          minmay_gauntlet_arena_77_squiggly,
          minmay_gauntlet_arena_77_radiant_squares, gauntlet_exit_green]

Skill      XL: |  1  2  3  4  5  6  7  8  9 10 11 |
---------------+----------------------------------+-----
Shields        | 4 5 6 7 9 10 11 | 11.4
Maces & Flails | 3 4 6 8 10 11 | 11.6
Dodging        | 1 2 3 4 5 |  5.0
Fighting       | 4 5 7 |  7.8
Armour         | 4 5 6 7 |  7.5
Invocations    | 2 |  2.7
Evocations     | 2 |  2.2

Action                   |  1- 3 |  4- 6 |  7- 9 | 10-12 || total
-------------------------+-------+-------+-------+-------++-------
Melee: Flail             |   156 |   301 |   506 |   544 ||  1507
Invok: Lesser Healing    |       |       |     3 |       ||     3
       Divine Shield     |       |       |       |     1 ||     1
  Use: Scroll            |       |     4 |       |    12 ||    16
       Potion            |       |       |     3 |    12 ||    15
  Eat: Chunk             |     1 |     7 |    14 |    13 ||    35
Armor: Scale mail        |    71 |   157 |   169 |       ||   397
       Plate armour      |       |       |    79 |   203 ||   282
Dodge: Dodged            |    38 |    83 |   170 |   119 ||   410
Block: Kite shield       |   147 |   294 |   515 |   416 ||  1372
       Reflection        |       |     7 |     7 |    13 ||    27
